 Dungeon Crawl Stone Soup version 0.27-a0-1065-ge809cff456 (webtiles) character file.

Game seed: 14812626776334793628

1884 leviel the Fighter (level 9, -4/90 HPs)
             Began as a Hill Orc Fighter on Apr 24, 2021.
             Was a Follower of Okawaru.
             Slain by a two-headed ogre
             ... wielding a +0 giant club
              (23 damage)
             ... on level 6 of the Dungeon.
             The game lasted 00:07:16 (7046 turns).

leviel the Fighter (Hill Orc Fighter)               Turns: 7046, Time: 00:07:16

Health: -4/90      AC:  8    Str: 22    XL:     9   Next: 14%
Magic:  9/9        EV: 11    Int:  8    God:    Okawaru [*.....]
Gold:   330        SH:  9    Dex: 10    Spells: 8/8 levels left

rFire    . . .     SeeInvis .   a - +0 war axe
rCold    . . .     Faith    .   c - +0 kite shield
rNeg     . . .     Spirit   .   z - +1 scale mail
rPois    .         Reflect  .   (no helmet)
rElec    .         Harm     .   (no cloak)
rCorr    .         Rampage  .   (no gloves)
Will     .....                  (no boots)
Stlth    ..........             (no amulet)
HPRegen  0.25/turn              i - +4 ring of evasion
MPRegen  0.11/turn              (no ring)

@: no status effects
A: no striking features
a: Renounce Religion, Heroism


You were on level 6 of the Dungeon.
You worshipped Okawaru.
Okawaru was aware of your devotion.
You visited 2 branches of the dungeon, and saw 7 of its levels.

You collected 330 gold pieces.

Inventory:

Hand Weapons
 a - a +0 war axe (weapon)
 b - a +1 shortbow of freezing
Missiles
 o - 5 atropa-tipped darts (quivered)
 A - 66 arrows
Armour
 c - a +0 kite shield (worn)
 z - a +1 scale mail (worn)
Jewellery
 i - a +4 ring of evasion (left hand)
 k - a ring of fire
 u - a ring of protection from cold
Wands
 v - a wand of iceblast (10)
 y - a wand of paralysis (6)
Scrolls
 e - a scroll of enchant armour
 f - 5 scrolls of identify {unknown}
 h - a scroll of magic mapping {unknown}
 m - a scroll of enchant weapon {unknown}
 n - a scroll of fear {unknown}
 q - a scroll of immolation {unknown}
 t - a scroll of amnesia {unknown}
 w - a scroll of silence {unknown}
 x - a scroll of teleportation {unknown}
Potions
 d - a potion of might
 g - a potion of flight {unknown}
 j - a potion of attraction {unknown}
 l - a potion of resistance {unknown}
 p - 2 potions of curing
 r - a potion of haste {unknown}
 s - a potion of heal wounds {unknown}
 B - a potion of cancellation {unknown}


   Skills:
 - Level 12.0 Fighting
 + Level 8.0 Axes
 - Level 3.7 Armour
 - Level 3.6 Shields


You had 8 spell levels left.
You didn't know any spells.
Your spell library contained the following spells:

 Spells                   Type           Power      Damage    Failure   Level
 Animate Skeleton         Necr           0%         N/A       99%         1
 Apportation              Tloc           0%         N/A       99%         1
 Corona                   Hex            0%         N/A       99%         1
 Sandblast                Erth           0%         2d4       99%         1
 Summon Small Mammal      Summ           0%         N/A       99%         1
 Passwall                 Tmut/Erth      0%         N/A       100%        2
 Stone Arrow              Conj/Erth      0%         3d7       100%        3
 Petrify                  Tmut/Erth      0%         N/A       100%        4
 Lee's Rapid Deconstruct  Erth           0%         3d5*      100%        5


Dungeon Overview and Level Annotations

Branches:
Dungeon (6/15)             Temple (1/1) D:5

Altars:
Ashenzari
Cheibriados
Dithmenos
Elyvilon
Fedhas
Gozag
Hepliaklqana
Kikubaaqudgha
Makhleb
Nemelex Xobeh
Okawaru
Qazlal
Ru
Sif Muna
Trog
Uskayaw
Vehumet
Wu Jian
Xom
Yredelemnul
The Shining One


Message History

The two-headed ogre resists.
You throw an atropa-tipped dart.
The atropa-tipped dart completely misses the two-headed ogre.
You throw an atropa-tipped dart.
The atropa-tipped dart hits the two-headed ogre.
The two-headed ogre resists.
You hit the two-headed ogre but do no damage.
You block the two-headed ogre's attack. The two-headed ogre barely misses you.
You hit the two-headed ogre but do no damage.
The two-headed ogre closely misses you. The two-headed ogre barely misses you.
You slash the two-headed ogre!
The two-headed ogre is lightly wounded.
The two-headed ogre hits you with a +0 giant club!!
The two-headed ogre barely misses you.
You barely miss the two-headed ogre.
The two-headed ogre is lightly wounded.
The two-headed ogre hits you with a +0 giant club!
You block the two-headed ogre's attack.
You are too injured to fight recklessly!
You barely miss the two-headed ogre.
The two-headed ogre is lightly wounded.
The two-headed ogre hits you with a +0 giant club!!
* * * LOW HITPOINT WARNING * * *
The two-headed ogre hits you with a +0 giant spiked club!
* * * LOW HITPOINT WARNING * * *
Okay, then.
You see here 27 sling bullets.
There is a stone staircase leading up, spattered with blood here.
Things that are here:
a +2 whip of electrocution; a +0 robe
There is an open door here.
You see here a +0 vorpal battleaxe.
Okay, then.
Found a scroll labelled JURYN INALYN.
Found a stone staircase leading down.
As you read the scroll labelled JIZOJO MOFREUSH, it crumbles to dust.
It is a scroll of enchant armour.
Your +0 scale mail glows green for a moment.
You block the two-headed ogre's attack.
The two-headed ogre hits you with a +0 giant spiked club!!
You die...

..............#
...>?..........
.............#
.............#
...........#
#+#......... #........#
#.####..@..# ##.....
#.......O..+ .(.....
######.....########(....
#....<)...........
#.###.########...
#.###'#..#...#..
#)#............#
######'#............#
#...................#


You could see a two-headed ogre.

Vanquished Creatures
  Pikel (D:6)
  Menkaure (D:5)
  Edmund (D:6)
  A sky beast (D:5)
  2 necrophages
  An ogre (D:5)
  A phantom (D:4)
  3 centaurs (D:5)
  A scorpion (D:4)
  A gnoll sergeant (D:3)
  A wyvern skeleton (D:3)
  A water moccasin skeleton (D:5)
  A jelly (D:5)
  A bullfrog skeleton (D:5)
  An iguana (D:4)
  An orc wizard (D:5)
  A scorpion zombie (D:5)
  A killer bee zombie (D:5)
  4 gnolls (D:3)
  4 adders (D:4)
  2 ufetubi (D:5)
  A worm (D:2)
  2 dart slugs
  2 orcs
  2 bats
  6 endoplasms
  5 giant cockroaches
  4 goblins
  7 hobgoblins
  7 jackals
  5 kobolds
  2 quokkas
  10 ball pythons
  5 frilled lizards
  A jackal skeleton (D:4)
  2 rats (D:2)
92 creatures vanquished.

Notes
Turn   | Place    | Note
-------+----------+-------------------------------------------
     0 | D:1      | leviel the Hill Orc Fighter began the quest for the Orb.
     0 | D:1      | Reached XP level 1. HP: 19/19 MP: 1/1
   266 | D:1      | Reached skill level 4 in Fighting
   266 | D:1      | Reached XP level 2. HP: 22/27 MP: 2/2
   566 | D:1      | Reached XP level 3. HP: 33/33 MP: 3/3
   650 | D:1      | Found a faded altar of an unknown god.
   968 | D:1      | You fall into a shaft and drop 1 floor!
  1500 | D:2      | You fall into a shaft and drop 1 floor!
  1912 | D:3      | Reached skill level 5 in Fighting
  1912 | D:3      | Reached XP level 4. HP: 16/42 MP: 4/4
  2179 | D:3      | Noticed a gnoll sergeant
  2184 | D:3      | Reached XP level 5. HP: 41/50 MP: 5/5
  2189 | D:3      | HP: 1/50 [gnoll sergeant/+0 trident (4)]
  2192 | D:3      | Reached skill level 6 in Fighting
  3378 | D:4      | Reached XP level 6. HP: 53/58 MP: 6/6
  3538 | D:4      | Reached skill level 7 in Fighting
  4253 | D:4      | Noticed a necrophage
  4281 | D:4      | Reached skill level 8 in Fighting
  4284 | D:4      | Killed a necrophage
  4285 | D:4      | Reached XP level 7. HP: 58/69 MP: 7/7
  4561 | D:5      | Entered Level 5 of the Dungeon
  4564 | D:5      | Found a staircase to the Ecumenical Temple.
  4808 | D:5      | Reached skill level 9 in Fighting
  4969 | D:5      | Reached skill level 10 in Fighting
  5190 | Temple   | Entered the Ecumenical Temple
  5496 | Temple   | Became a worshipper of Warmaster Okawaru
  5538 | D:5      | Identified the +1 robe of the Moon {rCorr Int+2 Stlth+}
  5602 | D:5      | Noticed Menkaure
  5613 | D:5      | Killed Menkaure
  5614 | D:5      | Reached XP level 8. HP: 81/81 MP: 8/8
  5744 | D:5      | Reached skill level 11 in Fighting
  6483 | D:6      | Noticed Edmund
  6501 | D:5      | Reached * piety under Okawaru
  6577 | D:6      | Killed Edmund
  6578 | D:6      | Reached skill level 12 in Fighting
  6769 | D:6      | Noticed Pikel
  6787 | D:6      | Killed Pikel
  6788 | D:6      | Reached XP level 9. HP: 41/90 MP: 9/9
  7009 | D:6      | Noticed a two-headed ogre
  7046 | D:6      | Slain by a two-headed ogre

Illustrated notes

Levels and vault maps discovered:
D:1:      lightli_arrival_statue_moat, layout_loops_ring,
          ebering_ecumenical_altar_mist, minmay_strange_pillars,
          minmay_distorted
D:2:      layout_loops_corners, grunt_ministairs_1, serial_park_tiny_1
D:3:      layout_basic
D:4:      minmay_angry_zag, layout_loops_corners
D:5:      layout_rooms, minmay_temple_entry_trees, kennysheep_generic_room_13,
          uniq_menkaure
D:6:      layout_basic, uniq_pikel, uniq_edmund
Temple:   nicolae_temple_the_god_donut

Skill      XL: |  1  2  3  4  5  6  7  8 |
---------------+-------------------------+-----
Fighting       | 4 5 6 8 10 12 | 12.0
Axes           | 3 8 |  8.0
Armour         | |  3.7
Shields        | |  3.6

Action                   |  1- 3 |  4- 6 |  7- 9 || total
-------------------------+-------+-------+-------++-------
Melee: War axe           |   101 |   165 |   140 ||   406
Throw: Dart              |       |       |     3 ||     3
Evoke: Wand              |       |       |     1 ||     1
  Use: Potion            |       |     3 |       ||     3
       Scroll            |       |       |     1 ||     1
Armor: Scale mail        |    25 |    51 |    49 ||   125
Dodge: Dodged            |    45 |    87 |    85 ||   217
Block: Kite shield       |    51 |   102 |   106 ||   259

Table legend: (Time is in decaauts)
 A = Elapsed time spent in this place.
 B = Non-inter-level travel time spent in this place.
 C = Inter-level travel time spent in this place.
 D = Time resting spent in this place.
 E = Time spent auto-exploring this place.
 F = Levels seen in this place.
 G = Mean time per level.
                   A        B        C        D        E       F      G
               +--------+--------+--------+--------+--------+-----+--------+
         Total |   7270 |   7131 |    139 |   1465 |   4655 |   7 | 1038.6 |
       Dungeon |   6951 |   6823 |    128 |   1465 |   4380 |   6 | 1158.5 |
        Temple |    318 |    307 |     11 |      0 |    275 |   1 |  318.0 |
               +--------+--------+--------+--------+--------+-----+--------+

Top non-repeatable levels by time:
     D:4: 1688 daAuts
     D:5: 1511 daAuts
     D:2: 1210 daAuts
     D:3: 1034 daAuts
     D:1: 1008 daAuts
     D:6: 497 daAuts
  Temple: 318 daAuts
